 Dungeon Crawl Stone Soup version 0.29.1-2-gbd0b4ee654 (webtiles) character file.

Game seed: 10361320801353956190

1383 Icepheonix32 the Insei (level 8, -2/59 HPs)
             Began as a Demigod Transmuter on Nov 9, 2022.
             Slain by a sky beast (5 damage)
             ... on level 6 of the Dungeon.
             The game lasted 00:14:30 (8056 turns).

Icepheonix32 the Insei (Demigod Transmuter)         Turns: 8056, Time: 00:14:31

Health: -2/59      AC:  2    Str: 17    XL:     8   Next: 17%
Magic:  16/16      EV: 18    Int: 19    God:
Gold:   1020       SH:  0    Dex: 18    Spells: 5/14 levels left

rFire   . . .      SeeInvis .     - Unarmed
rCold   . . .      Faith    .   (no shield)
rNeg    . . .      Spirit   .   a - +0 robe
rPois   .          Reflect  .   (helmet currently unavailable)
rElec   .          Harm     .   (no cloak)
rCorr   .          Rampage  .   (no gloves)
Will    .....                   (boots currently unavailable)
Stlth   ++........              (no amulet)
HPRegen 0.19/turn               g - +6 ring of strength
MPRegen 0.15/turn               e - +4 ring of evasion

@: appendages (expiring), wereblooded
A: horns 2, talons 2, high MP 1, forlorn, divine attributes
a: End Transformation


You were on level 6 of the Dungeon.
You had temporarily grown beastly horns and talons.
You visited 1 branch of the dungeon, and saw 6 of its levels.

You collected 1020 gold pieces.

Inventory:

Missiles
 b - a curare-tipped dart
Armour
 a - a +0 robe (worn)
 j - a +0 leather armour
Jewellery
 d - a ring of flight
 e - a +4 ring of evasion (right hand)
 g - a +6 ring of strength (left hand)
 l - a ring of protection from cold
 m - the ring of Uveyh {Fly rElec rN+ Int-3}
   (You found it on level 2 of the Dungeon)

   [ring of flight]

   Int:       It affects your intelligence (-3).
   rElec:     It insulates you from electricity.
   rN:        It protects you from negative energy.
   Fly:       It grants you flight.
 v - a ring of positive energy
Wands
 p - a wand of charming (8)
Scrolls
 f - a scroll of summoning
 k - a scroll of amnesia
 o - a scroll of vulnerability
 r - a scroll of poison
 t - a scroll of enchant armour
Potions
 c - a potion of curing
 h - a potion of cancellation
 i - a potion of heal wounds
 n - a potion of flight
 q - 2 potions of brilliance


   Skills:
 + Level 1.5 Fighting
 * Level 4.4 Dodging
 + Level 2.0 Stealth
 + Level 5.4 Unarmed Combat
 + Level 3.7 Spellcasting
 * Level 4.0 Transmutations
 + Level 1.0 Air Magic
 + Level 3.2 Poison Magic


You had 5 spell levels left.
You knew the following spells:

 Your Spells              Type           Power      Damage    Failure   Level
a - Beastly Appendage     Tmut           36%        N/A       2%          1
b - Wereblood             Tmut           18%        N/A       4%          2
c - Spider Form           Tmut/Pois      17%        N/A       10%         3
d - Mephitic Cloud        Conj/Pois/Air  9%         N/A       24%         3

Your spell library contained the following spells:

 Spells                   Type           Power      Damage    Failure   Level
 Magic Dart               Conj           12%        1d3       14%         1
 Call Imp                 Summ           3%         N/A       22%         2
 Ice Form                 Ice/Tmut       11%        N/A       52%         4


Dungeon Overview and Level Annotations

Branches:
Dungeon (6/15)             Temple (0/1) D:4

Annotations:
D:2 1 runed translucent door, Crazy Yiuf


Innate Abilities, Weirdness & Mutations

You have temporarily grown beastly horns and talons.
You have an increased reservoir of magic. (+10% MP)
You shall have no god before yourself.
Your divine heritage dramatically boosts your attributes as you level up.


Message History

You kill the water moccasin!
You feel sick.
Your Transmutations skill increases to level 4!
Unknown command.
Okay, then.
You feel sick.
You are no longer poisoned.
You closely miss the orc. You claw the orc.
The orc is heavily wounded.
Your transformation is almost over.
The orc misses you.
You punch the orc!
You feel a bit better.
You kill the orc!
You hit the jelly but do no damage.
Your hands burn!
You headbutt the jelly!
The jelly is heavily wounded.
The jelly hits you.
You are splashed with acid!
* * * LOW HITPOINT WARNING * * *
You punch the jelly!
Your hands burn!
* * * LOW HITPOINT WARNING * * *
The jelly is almost dead.
The jelly closely misses you.
You punch the jelly!
You feel a bit better.
You kill the jelly!
You barely miss the sky beast. You claw the sky beast.
The sky beast is moderately wounded.
The sky beast hits you.
* * * LOW HITPOINT WARNING * * *
The sky beast shocks you.
* * * LOW HITPOINT WARNING * * *
You hit the sky beast.
You claw the sky beast, but do no damage.
The sky beast is heavily wounded.
The sky beast hits you but does no damage.
You hit the sky beast. Your kick misses the sky beast.
You headbutt the sky beast!
The sky beast is almost dead.
The sky beast hits you.
* * * LOW HITPOINT WARNING * * *
The sky beast shocks you.
You die...

#.######.###.#
#..........#>#
########.#.#.#
#.....#
#...### #...#
#...##
#####....##
#.@Y.~....#
#.###....## #.
#...## #.
#...# #.
.....# #.
###...# #.
=.... #. ...##


You could see a sky beast.

Vanquished Creatures
  Duvessa (D:4)
  2 water moccasins
  An ice beast (D:3)
  An ogre (D:4)
  A kobold brigand (D:6)
  Blork the orc (D:5)
  A necrophage (D:5)
  Dowan (D:4)
  A howler monkey (D:4)
  4 hounds
  2 orc priests (D:5)
  3 jellies
  2 iguanas
  An orc wizard (D:5)
  4 gnolls (D:3)
  9 adders
  2 shadow imps
  2 ufetubi
  2 worms
  3 dart slugs
  18 orcs
  9 ball pythons
  6 endoplasms
  2 giant cockroaches (D:2)
  9 goblins
  5 hobgoblins
  9 jackals
  A quokka (D:1)
  10 bats
  2 frilled lizards (D:1)
  12 kobolds
  6 rats
133 creatures vanquished.

Vanquished Creatures (others)
  20 fungi
  9 plants
29 creatures vanquished.

Grand Total: 162 creatures vanquished

Notes
Turn   | Place    | Note
-------+----------+-------------------------------------------
     0 | D:1      | Icepheonix32 the Demigod Transmuter began the quest for the
                  | Orb.
     0 | D:1      | Reached XP level 1. HP: 15/15 MP: 5/5
    29 | D:1      | Reached skill level 3 in Unarmed Combat
   213 | D:1      | Reached XP level 2. HP: 22/22 MP: 5/7
   845 | D:1      | Reached skill level 1 in Fighting
  1302 | D:1      | Learned a level 2 spell: Wereblood
  1537 | D:2      | Reached XP level 3. HP: 28/28 MP: 6/8
  1543 | D:2      | Identified the ring of Uveyh {Fly rElec rN+ Int-3}
  1618 | D:2      | Found a runed translucent door.
  1619 | D:2      | Noticed Crazy Yiuf
  2321 | D:3      | Learned a level 3 spell: Spider Form
  2498 | D:3      | Reached XP level 4. HP: 35/35 MP: 7/9
  3182 | D:3      | Reached skill level 1 in Poison Magic
  3247 | D:3      | Reached XP level 5. HP: 30/40 MP: 11/11
  3475 | D:3      | Noticed an ice beast
  3493 | D:3      | Killed an ice beast
  3494 | D:3      | Reached skill level 1 in Stealth
  3494 | D:3      | Reached skill level 4 in Unarmed Combat
  4313 | D:3      | Learned a level 3 spell: Mephitic Cloud
  4449 | D:4      | Reached XP level 6. HP: 46/47 MP: 10/13
  5140 | D:4      | Found a staircase to the Ecumenical Temple.
  5304 | D:4      | Noticed Dowan
  5312 | D:4      | Noticed Duvessa
  5313 | D:4      | Killed Dowan
  5322 | D:4      | Killed Duvessa
  5323 | D:4      | Reached skill level 1 in Air Magic
  5323 | D:4      | Reached XP level 7. HP: 26/52 MP: 6/14
  5911 | D:4      | Identified a scroll of acquirement
  5911 | D:4      | Acquired 732 gold pieces
  5927 | D:5      | Entered Level 5 of the Dungeon
  5930 | D:5      | Noticed Blork the orc
  6382 | D:5      | Killed Blork the orc
  7002 | D:5      | Reached skill level 5 in Unarmed Combat
  7702 | D:6      | Reached XP level 8. HP: 11/59 MP: 16/16
  8056 | D:6      | Slain by a sky beast

Illustrated notes

Levels and vault maps discovered:
D:1:      beargit_arrival_greenhouse, layout_rooms, minmay_statues_item,
          chequers_arboretum, amcnicky_mini_corridor_feature,
          minmay_pentomino_x2
D:2:      layout_basic, shapermc_ecumenical_altar_mp_ritualfount,
          uniq_crazy_yiuf_cottage
D:3:      layout_basic, minitemple, marbit_many_paths,
          gammafunk_temple_overflow_statue
D:4:      layout_loops_cross, lemuel_tele_altar, minmay_temple_entry_hall,
          serial_forest, infiniplex_forest_lined_3,
          infiniplex_forest_straight_1, infiniplex_forest_lined_room_,
          infiniplex_forest_end_1, infiniplex_forest_lined_4_way,
          infiniplex_forest_clump_double, uniq_duvessa
D:5:      layout_gridville, mainiacjoe_overflow_chevrons, uniq_blork_the_orc
D:6:      layout_loops_ring, dk_noncrumbling_3, corexii_corridor_pit,
          serial_bayou_pond_e

Skill      XL: |  1  2  3  4  5  6  7  8 |
---------------+-------------------------+-----
Unarmed Combat | 3 4 5 |  5.4
Dodging        | 2 3 4 |  4.4
Fighting       | 1 |  1.5
Spellcasting   | 2 3 |  3.7
Transmutations | 2 3 4 |  4.0
Poison Magic   | 1 2 3 |  3.2
Stealth        | 1 2 |  2.0
Air Magic      | 1 |  1.0

Action                   |  1- 3 |  4- 6 |  7- 9 || total
-------------------------+-------+-------+-------++-------
Melee: Unarmed           |   124 |   135 |   135 ||   394
       Headbutt          |    17 |    16 |    14 ||    47
       Kick              |    15 |    24 |    27 ||    66
       Punch             |     2 |     1 |     1 ||     4
 Cast: Beastly Appendage |    31 |    22 |    11 ||    64
       Wereblood         |       |     6 |     6 ||    12
       Spider Form       |       |     6 |     6 ||    12
       Mephitic Cloud    |       |     1 |       ||     1
  Use: Scroll            |       |     9 |     7 ||    16
       Potion            |       |     3 |     3 ||     6
 Stab: Sleeping          |     3 |     2 |       ||     5
       Confused          |       |     1 |       ||     1
Armor: Robe              |    20 |     6 |     8 ||    34
       Skin              |       |     5 |     1 ||     6
Dodge: Dodged            |    83 |   134 |   127 ||   344
